| TOP OF THE 1ST |
|
Baltimore Orioles batting - Pitching for Boston Red Sox : RHP Reece Nichols
|
|
Pitching: RHP Reece Nichols
|
|
|
Batting: RHB Saimei Kudo
|
0-0: Ball 1-0: Fly out, F9 (Flyball, 9LS, EV 95.0 MPH)
|
|
Batting: SHB Aldo Questi
|
0-0: Foul Ball, location: 2F 0-1: Foul Ball, location: 2F 0-2: Ball 1-2: Foul Ball, location: 2F 1-2: Foul Ball, location: 2F 1-2: Foul Ball, location: 2F 1-2: Ball 2-2: Ball 3-2: Foul Ball, location: 2F 3-2: Ground out 5-3 (Groundball, 5S, EV 69.4 MPH)
|
|
Batting: RHB Rudo Garciaparra
|
0-0: Ball 1-0: Called Strike 1-1: Ground out 6-3 (Groundball, 6M, EV 88.8 MPH)
|
| Top of the 1st over - 0 runs, 0 hits, 0 errors, 0 left on base; Baltimore 0 - Boston 0 |
| BOTTOM OF THE 1ST |
|
Boston Red Sox batting - Pitching for Baltimore Orioles : LHP Randy Johnson Jr.
|
|
Pitching: LHP Randy Johnson Jr.
|
|
|
Batting: RHB Alois Wollf
|
0-0: Called Strike 0-1: Ball 1-1: Ground out 5-3 (Groundball, 5, EV 98.8 MPH)
|
|
Batting: LHB Kevin McCormic Jr.
|
0-0: Called Strike 0-1: Ball 1-1: Foul Ball, location: 2F 1-2: Ball 2-2: Fly out, F7 (Line Drive, 7LS, EV 100.6 MPH)
|
|
Batting: RHB Cesar Breceda
|
0-0: Ball 1-0: Ground out 6-3 (Groundball, 6, EV 103.8 MPH)
|
| Bottom of the 1st over - 0 runs, 0 hits, 0 errors, 0 left on base; Baltimore 0 - Boston 0 |
| TOP OF THE 2ND |
|
Baltimore Orioles batting - Pitching for Boston Red Sox : RHP Reece Nichols
|
|
Batting: SHB Robert Handy
|
0-0: Ball 1-0: Called Strike 1-1: Foul Ball, location: 2F 1-2: Strikes out swinging
|
|
Batting: RHB Vince Jackson
|
0-0: Ball 1-0: Ball 2-0: Swinging Strike 2-1: Called Strike 2-2: Ball 3-2: Fly out, F9 (Flyball, 9, EV 95.6 MPH)
|
|
Batting: RHB Alex Rodriguez Jr.
|
0-0: Called Strike 0-1: SOLO HOME RUN (Flyball, 7D, EV 97.5 MPH), Distance : 378 ft
|
|
Batting: LHB Brian Feher
|
0-0: Ball 1-0: Swinging Strike 1-1: Ball 2-1: Swinging Strike 2-2: Strikes out swinging
|
| Top of the 2nd over - 1 run, 1 hit, 0 errors, 0 left on base; Baltimore 1 - Boston 0 |
| BOTTOM OF THE 2ND |
|
Boston Red Sox batting - Pitching for Baltimore Orioles : LHP Randy Johnson Jr.
|
|
Batting: RHB David Price Jr.
|
0-0: SINGLE (Flyball, 9S, EV 94.4 MPH)
|
|
Batting: SHB Marvin Lawrence
|
0-0: Ball 1-0: Called Strike 1-1: Foul Ball, location: 2F 1-2: Ball 2-2: Grounds into double play, 5-4-3 (Groundball, 56, EV 83.8 MPH)
|
|
Batting: RHB Nick Esteves
|
0-0: Foul Ball, location: 2F 0-1: Ball 1-1: Ball 2-1: Swinging Strike 2-2: Foul Ball, location: 2F 2-2: Ball 3-2: SINGLE (Groundball, 34D, EV 94.4 MPH)
|
|
Batting: RHB Josh Froyd
|
0-0: Ball 1-0: Foul Ball, location: 2F 1-1: Ball 2-1: Foul Ball, location: 2F 2-2: Fielders Choice at 2nd, U4 (Groundball, 4M, EV 86.2 MPH)
|
| Bottom of the 2nd over - 0 runs, 2 hits, 0 errors, 1 left on base; Baltimore 1 - Boston 0 |
| TOP OF THE 3RD |
|
Baltimore Orioles batting - Pitching for Boston Red Sox : RHP Reece Nichols
|
|
Batting: RHB Marc Peckermark
|
0-0: Ball 1-0: Ball 2-0: Foul Ball, location: 2F 2-1: Foul Ball, location: 2F 2-2: Ground out 4-3 (Groundball, 4, EV 105.6 MPH)
|
|
Batting: LHB Eric Jackson
|
0-0: Ball 1-0: DOUBLE (Line Drive, 7LS, EV 91.9 MPH)
|
|
Batting: RHB Saimei Kudo
|
0-0: Called Strike 0-1: Ball 1-1: Foul Ball, location: 2F 1-2: Ball 2-2: DOUBLE (Flyball, 8LXD, EV 90.0 MPH) Eric Jackson scores
|
|
Batting: SHB Aldo Questi
|
0-0: Foul Ball, location: 2F 0-1: Foul Ball, location: 2F 0-2: Ball 1-2: Ball 2-2: Foul Ball, location: 2F 2-2: Ground out 4-3 (Groundball, 4S, EV 85.6 MPH) Saimei Kudo to third
|
|
Batting: RHB Rudo Garciaparra
|
0-0: Ball 1-0: Ball 2-0: Ball 3-0: Base on Balls
|
|
Batting: SHB Robert Handy
|
0-0: Ground out 4-3 (Groundball, 4, EV 85.6 MPH)
|
| Top of the 3rd over - 1 run, 2 hits, 0 errors, 2 left on base; Baltimore 2 - Boston 0 |
| BOTTOM OF THE 3RD |
|
Boston Red Sox batting - Pitching for Baltimore Orioles : LHP Randy Johnson Jr.
|
|
Batting: SHB Willie Koviak
|
0-0: Ball 1-0: Swinging Strike 1-1: Swinging Strike 1-2: Strikes out swinging
|
|
Batting: RHB Jose Diaz
|
0-0: Swinging Strike 0-1: Called Strike 0-2: Ground out 5-3 (Groundball, 56S, EV 85.0 MPH)
|
|
Batting: RHB Alois Wollf
|
0-0: Fly out, F8 (Flyball, 8LD, EV 78.1 MPH)
|
| Bottom of the 3rd over - 0 runs, 0 hits, 0 errors, 0 left on base; Baltimore 2 - Boston 0 |
| TOP OF THE 4TH |
|
Baltimore Orioles batting - Pitching for Boston Red Sox : RHP Reece Nichols
|
|
Batting: RHB Vince Jackson
|
0-0: Called Strike 0-1: Ball 1-1: Ball 2-1: Ground out 1-3 (Groundball, 13, EV 65.0 MPH)
|
|
Batting: RHB Alex Rodriguez Jr.
|
0-0: Ball 1-0: Called Strike 1-1: Ball 2-1: Ball 3-1: Bunt for hit to 5S - play at first, batter OUT! 5-3
|
|
Batting: LHB Brian Feher
|
0-0: Called Strike 0-1: Ground out 5-3 (Groundball, 56S, EV 85.0 MPH)
|
| Top of the 4th over - 0 runs, 0 hits, 0 errors, 0 left on base; Baltimore 2 - Boston 0 |
| BOTTOM OF THE 4TH |
|
Boston Red Sox batting - Pitching for Baltimore Orioles : LHP Randy Johnson Jr.
|
|
Batting: LHB Kevin McCormic Jr.
|
0-0: Called Strike 0-1: Fly out, F9 (Flyball, 9, EV 90.0 MPH)
|
|
Batting: RHB Cesar Breceda
|
0-0: Called Strike 0-1: Foul Ball, location: 2F 0-2: Foul Ball, location: 2F 0-2: Ball 1-2: SINGLE (Line Drive, 9S, EV 92.5 MPH)
|
|
Batting: RHB David Price Jr.
|
0-0: Ball 1-0: Ball 2-0: Called Strike 2-1: Ball 3-1: Base on Balls Cesar Breceda to second
|
|
Batting: SHB Marvin Lawrence
|
0-0: Ball 1-0: Ball 2-0: Called Strike 2-1: Ball 3-1: Called Strike 3-2: Base on Balls Cesar Breceda to third David Price Jr. to second
|
|
Batting: RHB Nick Esteves
|
0-0: Called Strike 0-1: Fly out, F5 (Popup, 5SF, EV 85.0 MPH)
|
|
Batting: RHB Josh Froyd
|
0-0: SINGLE (Groundball, 4M, EV 83.1 MPH) (infield hit) Cesar Breceda scores David Price Jr. to third Marvin Lawrence to second
|
|
Batting: SHB Willie Koviak
|
0-0: Called Strike 0-1: Swinging Strike 0-2: Ball 1-2: Strikes out swinging
|
| Bottom of the 4th over - 1 run, 2 hits, 0 errors, 3 left on base; Baltimore 2 - Boston 1 |
| TOP OF THE 5TH |
|
Baltimore Orioles batting - Pitching for Boston Red Sox : RHP Reece Nichols
|
|
Batting: RHB Marc Peckermark
|
0-0: Swinging Strike 0-1: Ball 1-1: Ball 2-1: Foul Ball, location: 2F 2-2: Foul Ball, location: 2F 2-2: Fly out, F9 (Flyball, 89D, EV 83.1 MPH)
|
|
Batting: LHB Eric Jackson
|
0-0: Ball 1-0: Called Strike 1-1: Fly out, F8 (Line Drive, 8RS, EV 90.6 MPH)
|
|
Batting: RHB Saimei Kudo
|
0-0: Ball 1-0: Foul Ball, location: 2F 1-1: Ground out 6-3 (Groundball, 6, EV 90.6 MPH)
|
| Top of the 5th over - 0 runs, 0 hits, 0 errors, 0 left on base; Baltimore 2 - Boston 1 |
| BOTTOM OF THE 5TH |
|
Boston Red Sox batting - Pitching for Baltimore Orioles : LHP Randy Johnson Jr.
|
|
Batting: RHB Jose Diaz
|
0-0: Ball 1-0: Ground out 6-3 (Groundball, 6MD, EV 83.1 MPH)
|
|
Batting: RHB Alois Wollf
|
0-0: Called Strike 0-1: Foul Ball, location: 2F 0-2: Foul Ball, location: 2F 0-2: Ball 1-2: Strikes out swinging
|
|
Batting: LHB Kevin McCormic Jr.
|
0-0: Called Strike 0-1: Foul Ball, location: 2F 0-2: Foul Ball, location: 2F 0-2: Ball 1-2: DOUBLE (Groundball, 3L, EV 100.6 MPH)
|
|
Batting: RHB Cesar Breceda
|
0-0: Ball 1-0: Called Strike 1-1: Ball 2-1: Called Strike 2-2: Foul Ball, location: 2F 2-2: Ground out 4-3 (Groundball, 4, EV 99.4 MPH)
|
| Bottom of the 5th over - 0 runs, 1 hit, 0 errors, 1 left on base; Baltimore 2 - Boston 1 |
| TOP OF THE 6TH |
|
Baltimore Orioles batting - Pitching for Boston Red Sox : RHP Reece Nichols
|
|
Batting: SHB Aldo Questi
|
0-0: Ball 1-0: Called Strike 1-1: Ball 2-1: Foul Ball, location: 2F 2-2: Fly out, F9 (Flyball, 89XD, EV 98.1 MPH)
|
|
Batting: RHB Rudo Garciaparra
|
0-0: Called Strike 0-1: Ball 1-1: Ground out 6-3 (Groundball, 4MD, EV 91.2 MPH)
|
|
Batting: SHB Robert Handy
|
0-0: Foul Ball, location: 2F 0-1: DOUBLE (Line Drive, 89M, EV 111.9 MPH) - OUT at third base trying to stretch hit.
|
| Top of the 6th over - 0 runs, 1 hit, 0 errors, 0 left on base; Baltimore 2 - Boston 1 |
| BOTTOM OF THE 6TH |
|
Boston Red Sox batting - Pitching for Baltimore Orioles : LHP Randy Johnson Jr.
|
|
Batting: RHB David Price Jr.
|
0-0: Called Strike 0-1: Swinging Strike 0-2: Strikes out swinging
|
|
Batting: SHB Marvin Lawrence
|
0-0: Fly out, F3 (Line Drive, 34, EV 72.5 MPH)
|
|
Batting: RHB Nick Esteves
|
0-0: Called Strike 0-1: Fly out, F4 (Popup, 4, EV 75.0 MPH)
|
| Bottom of the 6th over - 0 runs, 0 hits, 0 errors, 0 left on base; Baltimore 2 - Boston 1 |
| TOP OF THE 7TH |
|
Baltimore Orioles batting - Pitching for Boston Red Sox : RHP Reece Nichols
|
|
Batting: RHB Vince Jackson
|
0-0: Ball 1-0: DOUBLE (Line Drive, 78D, EV 101.9 MPH)
|
|
Batting: RHB Alex Rodriguez Jr.
|
0-0: Foul Ball, location: 2F 0-1: Ball 1-1: Foul Ball, location: 2F 1-2: Foul Ball, location: 2F 1-2: Strikes out swinging
|
|
Pitching: RHP Jon Mercado
|
|
|
Batting: LHB Brian Feher
|
0-0: Ball 1-0: Ground out 4-3 (Groundball, 4, EV 86.2 MPH) Vince Jackson to third
|
|
Batting: RHB Marc Peckermark
|
0-0: Ball 1-0: Called Strike 1-1: Called Strike 1-2: Strikes out swinging
|
| Top of the 7th over - 0 runs, 1 hit, 0 errors, 1 left on base; Baltimore 2 - Boston 1 |
| BOTTOM OF THE 7TH |
|
Boston Red Sox batting - Pitching for Baltimore Orioles : LHP Randy Johnson Jr.
|
|
Batting: RHB Josh Froyd
|
0-0: Called Strike 0-1: Ball 1-1: Fly out, F9 (Flyball, 89S, EV 85.0 MPH)
|
|
Batting: SHB Willie Koviak
|
0-0: Fly out, F6 (Line Drive, 6, EV 63.1 MPH)
|
|
Batting: RHB Jose Diaz
|
0-0: Foul Ball, location: 2F 0-1: Ground out 6-3 (Groundball, 6MD, EV 106.9 MPH)
|
| Bottom of the 7th over - 0 runs, 0 hits, 0 errors, 0 left on base; Baltimore 2 - Boston 1 |
| TOP OF THE 8TH |
|
Baltimore Orioles batting - Pitching for Boston Red Sox : RHP Jon Mercado
|
|
Batting: LHB Eric Jackson
|
0-0: Ball 1-0: Ball 2-0: Called Strike 2-1: Called Strike 2-2: Foul Ball, location: 2F 2-2: Ground out 6-3 (Groundball, 6, EV 83.8 MPH)
|
|
Batting: RHB Saimei Kudo
|
0-0: Ball 1-0: Ball 2-0: Ball 3-0: Called Strike 3-1: Fly out, F7 (Flyball, 78D, EV 86.9 MPH)
|
|
Batting: SHB Aldo Questi
|
0-0: Ball 1-0: Ball 2-0: Swinging Strike 2-1: Ball 3-1: Foul Ball, location: 2F 3-2: Base on Balls
|
|
Batting: RHB Rudo Garciaparra
|
0-0: Ball 1-0: Called Strike Aldo Questi steals 2nd base 1-1: Ball 2-1: Fly out, F9 (Flyball, 9, EV 80.6 MPH)
|
| Top of the 8th over - 0 runs, 0 hits, 0 errors, 1 left on base; Baltimore 2 - Boston 1 |
| BOTTOM OF THE 8TH |
|
Boston Red Sox batting - Pitching for Baltimore Orioles : LHP Randy Johnson Jr.
|
|
Batting: RHB Alois Wollf
|
0-0: Fly out, F8 (Flyball, 8RM, EV 85.0 MPH)
|
|
Batting: LHB Kevin McCormic Jr.
|
0-0: Called Strike 0-1: Ball 1-1: Ball 2-1: Foul Ball, location: 2F 2-2: Foul Ball, location: 2F 2-2: Foul Ball, location: 2F 2-2: Fly out, F8 (Flyball, 89D, EV 88.8 MPH)
|
|
Batting: RHB Cesar Breceda
|
0-0: Called Strike 0-1: Ball 1-1: Ball 2-1: Fly out, F8 (Flyball, 8RM, EV 91.2 MPH)
|
| Bottom of the 8th over - 0 runs, 0 hits, 0 errors, 0 left on base; Baltimore 2 - Boston 1 |
| TOP OF THE 9TH |
|
Baltimore Orioles batting - Pitching for Boston Red Sox : RHP Jon Mercado
|
|
Pitching: RHP Jaime Dunning
|
|
|
Batting: SHB Robert Handy
|
0-0: Ball 1-0: Swinging Strike 1-1: Foul Ball, location: 2F 1-2: Foul Ball, location: 2F 1-2: Fly out, F8 (Flyball, 8RM, EV 85.0 MPH)
|
|
Batting: RHB Vince Jackson
|
0-0: Called Strike 0-1: Ball 1-1: SINGLE (Groundball, 4MD, EV 106.2 MPH)
|
|
Batting: RHB Alex Rodriguez Jr.
|
0-0: Swinging Strike 0-1: Ball 1-1: Called Strike 1-2: Ball Vince Jackson steals 2nd base 2-2: Ball 3-2: Foul Ball, location: 2F 3-2: 2-RUN HOME RUN (Flyball, 7D, EV 98.8 MPH), Distance : 377 ft
|
|
Batting: LHB Brian Feher
|
0-0: Swinging Strike 0-1: Ball 1-1: Ball 2-1: Foul Ball, location: 2F 2-2: Foul Ball, location: 2F 2-2: Fly out, F5 (Line Drive, 56, EV 68.8 MPH)
|
|
Batting: RHB Marc Peckermark
|
0-0: Ball 1-0: Swinging Strike 1-1: Foul Ball, location: 2F 1-2: Strikes out swinging
|
| Top of the 9th over - 2 runs, 2 hits, 0 errors, 0 left on base; Baltimore 4 - Boston 1 |
| BOTTOM OF THE 9TH |
|
Boston Red Sox batting - Pitching for Baltimore Orioles : LHP Randy Johnson Jr.
|
|
Pitching: RHP Chris Dauphin
|
|
|
Batting: RHB David Price Jr.
|
0-0: Ball 1-0: Fly out, F7 (Flyball, 7, EV 85.6 MPH)
|
|
Batting: SHB Marvin Lawrence
|
0-0: Fly out, F7 (Line Drive, 7, EV 92.5 MPH)
|
|
Pinch Hitting: LHB Jarrett Mordecai
|
0-0: SINGLE (Line Drive, 78S, EV 106.2 MPH)
|
|
Batting: RHB Josh Froyd
|
0-0: Ball 1-0: Swinging Strike 1-1: Fly out, F9 (Flyball, 9, EV 87.5 MPH)
|
| Bottom of the 9th over - 0 runs, 1 hit, 0 errors, 1 left on base; Baltimore 4 - Boston 1 |
|